 Dungeon Crawl Stone Soup version 0.19.5 (webtiles) character file.

650 devil0150 the Magician (level 7, -2/43 HPs)
             Began as a High Elf Wizard on Apr 15, 2017.
             Was an Initiate of Sif Muna.
             Slain by a wyvern skeleton (5 damage)
             ... on level 5 of the Dungeon.
             The game lasted 00:14:25 (5693 turns).

devil0150 the Magician (High Elf Wizard)            Turns: 5693, Time: 00:14:26

Health: -2/43      AC:  3    Str:  6    XL:     7   Next: 28%
Magic:  15/18      EV: 13    Int: 24    God:    Sif Muna [......]
Gold:   203        SH:  0    Dex: 14    Spells: 5 memorised, 8 levels left

rFire  . . .     SeeInvis .     g - +3 dagger (flame)
rCold  . . .     Gourm    .     a - +0 robe
rNeg   . . .     Faith    .     (no shield)
rPois  .         Spirit   .     b - +0 hat
rElec  .         Reflect  .     (no cloak)
rCorr  .         Harm     .     m - +0 pair of gloves
MR     .....                    (no boots)
Stlth  ++........               (no amulet)
                                (no ring)
                                (no ring)

@: no status effects
A: no striking features
a: Renounce Religion


You were on level 5 of the Dungeon.
You worshipped Sif Muna.
Sif Muna was noncommittal.
You were not hungry.

You visited 1 branch of the dungeon, and saw 5 of its levels.

You collected 203 gold pieces.

Inventory:

Hand Weapons
 g - a +3 dagger of flaming (weapon)
 q - a +0 mace of crushing
Armour
 a - a +0 robe (worn)
 b - a +0 hat (worn)
 m - a +0 pair of gloves (worn)
 s - the +0 leather armour "Hycaur" {rPois Slay+2}
   (You found it on level 4 of the Dungeon)

   It affects your accuracy and damage with ranged weapons and melee attacks
   (+2).
   It protects you from poison.
Scrolls
 j - 3 scrolls of teleportation
 k - 2 scrolls of fear
Potions
 e - 3 potions of degeneration
 h - a potion of agility {unknown}
 i - a potion of beneficial mutation
 l - a potion of cancellation {unknown}
 n - a potion of brilliance {unknown}
 o - a potion of lignification {unknown}
 r - a potion of haste {unknown}
 t - a potion of might
Books
 c - a book of Minor Magic

   Spells                             Type                      Level
   a - Magic Dart                     Conjuration                  1
   b - Blink                          Translocation                2
   c - Call Imp                       Summoning                    2
   d - Repel Missiles                 Charms/Air                   2
   e - Slow                           Hexes                        2
   f - Conjure Flame                  Conjuration/Fire             3
   g - Mephitic Cloud                 Conjuration/Poison/Air       3
Comestibles
 d - 6 bread rations
 f - 5 meat rations
 p - 2 slices of pizza
 u - a chunk of flesh


   Skills:
 + Level 1.5 Fighting
 + Level 1.9 Short Blades
 + Level 3.3 Dodging
 + Level 3.5 Stealth
 + Level 6.7 Spellcasting
 + Level 4.5 Conjurations
 + Level 0.8 Summonings
 + Level 1.1 Translocations


You had 8 spell levels left.
You knew the following spells:

 Your Spells              Type           Power        Failure   Level  Hunger
a - Magic Dart            Conj           ####         1%          1    None
b - Blink                 Tloc           N/A          10%         2    None
c - Call Imp              Summ           ##......     10%         2    None
d - Mephitic Cloud        Conj/Pois/Air  ###.....     14%         3    None
e - Conjure Flame         Conj/Fire      ###.....     12%         3    None


Dungeon Overview and Level Annotations

Branches:
Dungeon (5/15)             Temple (0/1) D:5

Altars:
Ashenzari
Okawaru
Sif Muna
Trog


Message History

Press: ? - help, Shift-Dir - straight line, f/p - wyvern skeleton
Aim: a wyvern skeleton (moderately damaged)
The magic dart hits the wyvern skeleton.
The wyvern skeleton is heavily damaged.
The wyvern skeleton bites you!
You barely miss the wyvern skeleton.
The wyvern skeleton is heavily damaged.
The wyvern skeleton bites you!
You hit the wyvern skeleton. You burn the wyvern skeleton.
The wyvern skeleton is severely damaged.
The wyvern skeleton bites you!
* * * LOW HITPOINT WARNING * * *
You barely miss the wyvern skeleton.
The wyvern skeleton is severely damaged.
The wyvern skeleton bites you.
* * * LOW HITPOINT WARNING * * *
You hit the wyvern skeleton. You burn the wyvern skeleton.
The wyvern skeleton is severely damaged.
The wyvern skeleton bites you.
You die...

#.# ... . #.#
.# #.#####.# .#
#....... ..# #
#.##..###..#
#.#Z##..#....>
#..@.........#
###..........#
####........
#.##.####
#.##.# #.##.#
######
#.##.#####....#
#..............
##...###.......


You could see a wyvern skeleton.

Vanquished Creatures
  Sigmund (D:3)
  An ogre (D:3)
  Blork the orc (D:5)
  A hound (D:4)
  A bullfrog skeleton (D:4)
  A jelly (D:5)
  An iguana (D:4)
  A worker ant (D:4)
  A centaur skeleton (D:4)
  A killer bee zombie (D:5)
  5 adders
  2 oozes
  An adder zombie (D:5)
  4 worms
  2 dart slugs (D:1)
  2 orcs (D:3)
  6 giant cockroaches
  13 goblins
  9 hobgoblins
  7 jackals
  2 quokkas
  A ball python (D:2)
  7 bats
  3 frilled lizards
  3 kobolds
  A leopard gecko skeleton (D:4)
  13 rats
91 creatures vanquished.

Notes
Turn   | Place    | Note
-------+----------+-------------------------------------------
     0 | D:1      | devil0150 the High Elf Wizard began the quest for the Orb.
     0 | D:1      | Reached XP level 1. HP: 11/11 MP: 6/6
   626 | D:1      | Reached skill level 4 in Spellcasting
   626 | D:1      | Reached XP level 2. HP: 17/17 MP: 0/8
  1469 | D:1      | Reached XP level 3. HP: 22/22 MP: 4/9
  2508 | D:2      | Found a faded altar of an unknown god.
  2691 | D:2      | Reached XP level 4. HP: 27/27 MP: 8/11
  2937 | D:2      | Reached skill level 1 in Fighting
  3627 | D:3      | Found an iron altar of Okawaru.
  3630 | D:3      | Reached skill level 5 in Spellcasting
  3731 | D:3      | Noticed Sigmund
  3742 | D:3      | Killed Sigmund
  3742 | D:3      | Reached XP level 5. HP: 33/33 MP: 3/14
  3846 | D:3      | Reached XP level 6. HP: 38/38 MP: 9/15
  4011 | D:3      | Reached skill level 1 in Short Blades
  4011 | D:3      | Reached skill level 6 in Spellcasting
  4155 | D:3      | Learned a level 2 spell: Blink
  4158 | D:3      | Learned a level 2 spell: Call Imp
  4162 | D:3      | Learned a level 3 spell: Mephitic Cloud
  4166 | D:3      | Learned a level 3 spell: Conjure Flame
  4293 | D:4      | Got a faintly humming leather armour
  4304 | D:4      | Identified the cursed +0 leather armour "Hycaur" {rPois Slay+2} (You found it on level 4 of the Dungeon)
  4917 | D:4      | Reached XP level 7. HP: 38/43 MP: 11/17
  5201 | D:4      | Found a faded altar of an unknown god.
  5201 | D:4      | Found a faded altar of an unknown god.
  5206 | D:4      | Found a deep blue altar of Sif Muna.
  5208 | D:4      | Found a shattered altar of Ashenzari.
  5209 | D:4      | Found a bloodstained altar of Trog.
  5222 | D:4      | Became a worshipper of Sif Muna the Loreminder
  5261 | D:5      | Entered Level 5 of the Dungeon
  5379 | D:5      | Found a staircase to the Ecumenical Temple.
  5496 | D:5      | Noticed Blork the orc
  5509 | D:5      | Killed Blork the orc
  5692 | D:5      | HP: 2/43 [wyvern skeleton (5)]
  5693 | D:5      | Slain by a wyvern skeleton

Skill      XL: |  1  2  3  4  5  6 |
---------------+-------------------+-----
Spellcasting   | 4 5 6 |  6.7
Conjurations   | 2 3 4 |  4.5
Fighting       | 1 |  1.5
Stealth        | 3 |  3.5
Short Blades   | 1 |  1.9
Dodging        | 3 |  3.3
Summonings     | |  0.8
Translocations | |  1.1

Action                   |  1- 3 |  4- 6 |  7- 9 || total
-------------------------+-------+-------+-------++-------
Melee: Unarmed           |    21 |       |       ||    21
       Dagger            |    14 |    27 |    16 ||    57
 Cast: Magic Dart        |   107 |   119 |    28 ||   254
  Use: Scroll            |     5 |     5 |       ||    10
  Eat: Chunk             |     5 |     7 |     2 ||    14
Armor: Robe              |    13 |     6 |     1 ||    20
Dodge: Dodged            |    16 |    27 |     9 ||    52
